Avalanche vs Predators
Created - 3 février 2017 at 19:07
Goals
|
Avalanche |
0 |
1 |
1 |
2 |
Predators |
1 |
0 |
0 |
1 |
|
Shots
|
Avalanche |
10 |
13 |
7 |
30 |
Predators |
12 |
8 |
9 |
29 |
|
1st period
1. Predators , Ryan Kesler 23 (Alexander Edler) at 16:20
Penalties :
No Penalty
2nd period
2. Avalanche , Bryan Little 15 (Marc Staal, Corey Perry) at 6:51
Penalties :
Byron Bitz (Nas) for Hooking (Minor) at 0:14, Andrei Kostitsyn (Col) for High sticking (Minor) at 15:38
3rd period
3. Avalanche , Paul Stastny 13 (Andrei Kostitsyn, Marc Staal) at 0:13
Penalties :
James Van Riemsdyk (Nas) for Interference (Minor) at 2:45, Frans Nielsen (Nas) for Interference (Minor) at 3:32, Bryan Little (Col) for Tripping (Minor) at 6:43, Johnny Boychuk (Col) for Slashing (Minor) at 12:28, Christian Ehrhoff (Nas) for Boarding (Minor) at 15:15, Frans Nielsen (Nas) for Interference (Minor) at 18:50
Goalie Stats
Dan Ellis (Col), 28 saves from 29 shots - (0,966), W, 9-8-3, 60:00 minutes
Viktor Fasth (Nas), 28 saves from 30 shots - (0,933), L, 9-6-0, 60:00 minutes
Players Stats for Avalanche
Player Name G A P +/- PIM S H SB GA TA FO MP PP MP PK MP
------------------------------------------------------------------------------------
Alexander Radulov 0 0 0 1 0 1 1 0 1 0 0/0 19:05 3:43 1:56
Andrei Kostitsyn 0 1 1 1 2 3 2 0 0 0 1/2 18:44 4:10 0:47
Andrew Ladd 0 0 0 0 0 2 2 1 1 0 0/0 12:08 0:00 1:55
Brandon Yip 0 0 0 0 0 2 0 0 0 0 0/0 11:39 0:03 1:13
Bryan Little 1 0 1 0 2 3 2 0 0 1 1/8 18:41 4:10 0:00
Chuck Kobasew 0 0 0 0 0 2 3 0 0 3 0/0 11:35 0:00 2:52
Corey Perry 0 1 1 0 0 2 1 0 0 0 2/2 17:45 4:07 0:00
David Krejci 0 0 0 0 0 1 2 0 0 0 2/2 9:32 0:00 0:16
Jack Johnson 0 0 0 1 0 0 1 0 0 2 0/0 19:02 0:00 3:36
Jay Bouwmeester 0 0 0 1 0 1 1 2 1 0 0/0 20:11 4:16 0:00
Johnny Boychuk 0 0 0 -1 2 1 2 2 1 0 0/0 19:38 4:16 0:00
Marc Staal 0 2 2 1 0 3 1 0 1 2 0/0 22:00 3:37 3:36
Mike Comrie 0 0 0 0 0 2 1 0 0 1 2/6 11:44 0:00 2:46
Mikkel Boedker 0 0 0 0 0 2 0 0 0 0 0/0 17:09 3:43 0:00
Paul Stastny 1 0 1 1 0 2 3 0 0 0 14/24 17:07 3:43 0:00
Pernell Karl Subban 0 0 0 1 0 2 1 0 1 0 0/0 21:48 3:37 2:21
Ryan Smyth 0 0 0 0 0 1 0 0 0 0 0/0 8:23 0:00 0:09
Shane O'Brien 0 0 0 -1 0 0 2 2 0 0 0/0 17:49 0:00 2:21
Players Stats for Predators
Player Name G A P +/- PIM S H SB GA TA FO MP PP MP PK MP
------------------------------------------------------------------------------------
Adam Burish 0 0 0 1 0 3 4 0 1 0 0/0 16:15 2:34 1:25
Alexander Edler 0 1 1 -2 0 0 1 0 0 1 0/0 26:49 3:14 4:44
Alexander Ovechkin 0 0 0 -1 0 2 1 2 2 1 0/0 18:23 3:09 1:39
Alexander Steen 0 0 0 1 0 2 0 0 1 1 0/0 16:09 2:36 0:33
Andy Miele 0 0 0 0 0 1 1 0 1 0 1/2 8:38 0:00 0:00
Barret Jackman 0 0 0 0 0 1 0 0 0 0 0/0 13:55 2:43 0:00
Brett Clark 0 0 0 0 0 0 1 0 0 0 0/0 14:33 0:00 3:09
Byron Bitz 0 0 0 -1 2 3 2 0 0 0 1/3 19:51 3:01 3:11
Christian Ehrhoff 0 0 0 1 2 2 1 0 1 1 0/0 18:49 2:43 0:00
David Jones 0 0 0 -1 0 1 0 0 0 0 0/0 12:28 0:35 0:00
Frans Nielsen 0 0 0 -1 4 0 3 0 0 0 11/21 17:16 2:39 1:24
James Van Riemsdyk 0 0 0 0 2 0 0 0 0 0 0/0 9:48 0:09 0:07
John Moore 0 0 0 1 0 1 1 0 0 2 0/0 19:16 0:00 3:09
Kris Vernarsky 0 0 0 -1 0 1 1 0 0 0 2/5 9:51 0:00 0:15
Ryan Kesler 1 0 1 1 0 6 0 1 1 0 6/11 18:39 2:51 3:40
Ryan Mcdonagh 0 0 0 -2 0 3 1 2 1 0 0/0 26:49 3:14 4:44
Shane Doan 0 0 0 0 0 2 0 1 1 0 0/1 10:22 0:17 0:00
Steve Begin 0 0 0 -1 0 1 2 0 0 0 1/1 12:59 0:00 2:19
3 Stars
1 - Dan Ellis (Col)
2 - Paul Stastny (Col)
3 - Marc Staal (Col)
Power Play
Avalanche - 0 on 5 Attempt(s) - 0,00%
Predators - 0 on 3 Attempt(s) - 0,00%
Penalty Kill
Avalanche - 3 on 3 Attempt(s) - 100,00%
- Score 0 goal in Penalty Kill
Predators - 5 on 5 Attempt(s) - 100,00%
- Score 0 goal in Penalty Kill
Team Stat
Avalanche - Hits : 25 - Faceoff Wins : 22 - Blocked Shots : 7 - Penalty Minutes : 6
Predators - Hits : 19 - Faceoff Wins : 22 - Blocked Shots : 6 - Penalty Minutes : 10
Official
Referees : Martell Rob and Furlatt Eric
Linesman : Tim Nowak and Jean Morin
Game Notes
15:35 of 2nd period - Predators goal is going for a video replay. After video review, No Goal. The puck has been directed, batted or thrown into the net by an attacking player other than with a stick.
Finance
Level 1 -- Attendance: 5425 (90,42%) -- Ticket Income 461 125 $
Level 2 -- Attendance: 4931 (98,62%) -- Ticket Income 246 550 $
Level 3 -- Attendance: 1790 (89,50%) -- Ticket Income 53 700 $
Level 4 -- Attendance: 2844 (71,10%) -- Ticket Income 68 256 $
Luxury Box -- Attendance: 758 (75,80%) -- Ticket Income 132 650 $
Game was played at the Wildcat center.
Total Attendance: 15748 (87,49%)
Total Ticket Income: 962 281 $
Other Income: 144 342 $
Total Income: 1 106 623 $
Avalanche
5 vs 5 Forward
Center Left Wing Right Wing Time % Phy DF OF
1 Bryan Little Mikkel Boedker Corey Perry 35 1 2 2
2 Paul Stastny Andrei Kostitsyn Alexander Radulov 35 1 2 2
3 Mike Comrie Andrew Ladd Brandon Yip 15 1 2 2
4 David Krejci Ryan Smyth Chuck Kobasew 15 1 2 2
5 vs 5 Defense
Defense Defense Time % Phy DF OF
1 Jay Bouwmeester Jack Johnson 35 1 2 2
2 Pernell Karl Subban Marc Staal 33 1 2 2
3 Shane O'Brien Johnny Boychuk 32 1 2 2
4 Marc Staal Jack Johnson 0 1 2 2
PowerPlay Forward
Center Left Wing Right Wing Time % Phy DF OF
1 Bryan Little Andrei Kostitsyn Corey Perry 60 1 2 2
2 Paul Stastny Mikkel Boedker Alexander Radulov 40 1 2 2
PowerPlay Defense
Defense Defense Time % Phy DF OF
1 Jay Bouwmeester Johnny Boychuk 60 1 2 2
2 Marc Staal Pernell Karl Subban 40 1 2 2
Penalty Kill 4 Players Forward
Center Wing Time % Phy DF OF
1 Mike Comrie Chuck Kobasew 60 1 2 2
2 Brandon Yip Andrew Ladd 40 1 2 2
Penalty Kill 4 Players Defense
Defense Defense Time % Phy DF OF
1 Marc Staal Jack Johnson 60 1 2 2
2 Pernell Karl Subban Shane O'Brien 40 1 2 2
Penalty Kill - 3 Players Forward
Forward Time % Phy DF OF
1 Mike Comrie 60 1 2 2
2 Chuck Kobasew 40 1 2 2
Penalty Kill - 3 Players Defense
Defense Defense Time % Phy DF OF
1 Pernell Karl Subban Marc Staal 60 1 2 2
2 Shane O'Brien Jack Johnson 40 1 2 2
4 vs 4 Forward
Center Wing Time % Phy DF OF
1 Corey Perry Andrei Kostitsyn 60 1 2 2
2 Mikkel Boedker Bryan Little 40 1 2 2
4 vs 4 Defense
Defense Defense Time % Phy DF OF
1 Marc Staal Jack Johnson 60 1 2 2
2 Shane O'Brien Jay Bouwmeester 40 1 2 2
Last Minutes Offensive
Center Left Wing Right Wing Defense Defense
Bryan Little Andrei Kostitsyn Corey Perry Marc Staal Jack Johnson
Last Minutes Defensive
Center Left Wing Right Wing Defense Defense
Mike Comrie Mikkel Boedker Chuck Kobasew Marc Staal Jack Johnson
Goaltenders
Starting : Dan Ellis
Backup : Semyon Varlamov
Extra Forwards
Normal : Corey Perry, Paul Stastny, Alexander Radulov - PP : Corey Perry, Paul Stastny - PK : Alexander Radulov
Extra Defensemen
Normal : Pernell Karl Subban, Marc Staal, Shane O'Brien - PP : Pernell Karl Subban - PK : Jack Johnson, Shane O'Brien
Penalty Shots
Corey Perry, Andrei Kostitsyn, Mikkel Boedker, Bryan Little, Mike Comrie
Predators
5 vs 5 Forward
Center Left Wing Right Wing Time % Phy DF OF
1 Frans Nielsen Alexander Ovechkin Byron Bitz 40 1 2 2
2 Ryan Kesler Alexander Steen Adam Burish 30 1 2 2
3 Kris Vernarsky Steve Begin David Jones 20 1 2 2
4 Andy Miele James Van Riemsdyk Shane Doan 10 1 2 2
5 vs 5 Defense
Defense Defense Time % Phy DF OF
1 Alexander Edler Ryan Mcdonagh 40 1 2 2
2 Christian Ehrhoff John Moore 30 1 2 2
3 Barret Jackman Brett Clark 20 1 2 2
4 Ryan Mcdonagh Alexander Edler 10 1 2 2
PowerPlay Forward
Center Left Wing Right Wing Time % Phy DF OF
1 Ryan Kesler Alexander Ovechkin Byron Bitz 60 1 2 2
2 Frans Nielsen Alexander Steen Adam Burish 40 1 2 2
PowerPlay Defense
Defense Defense Time % Phy DF OF
1 Alexander Edler Ryan Mcdonagh 60 1 2 2
2 Christian Ehrhoff Barret Jackman 40 1 2 2
Penalty Kill 4 Players Forward
Center Wing Time % Phy DF OF
1 Ryan Kesler Byron Bitz 60 1 2 2
2 Frans Nielsen Adam Burish 40 1 2 2
Penalty Kill 4 Players Defense
Defense Defense Time % Phy DF OF
1 Alexander Edler Ryan Mcdonagh 60 1 2 2
2 Brett Clark John Moore 40 1 2 2
Penalty Kill - 3 Players Forward
Forward Time % Phy DF OF
1 Byron Bitz 60 1 2 2
2 Frans Nielsen 40 1 2 2
Penalty Kill - 3 Players Defense
Defense Defense Time % Phy DF OF
1 Alexander Edler Ryan Mcdonagh 60 1 2 2
2 Brett Clark John Moore 40 1 2 2
4 vs 4 Forward
Center Wing Time % Phy DF OF
1 Ryan Kesler Alexander Steen 60 1 2 2
2 Byron Bitz Alexander Ovechkin 40 1 2 2
4 vs 4 Defense
Defense Defense Time % Phy DF OF
1 Ryan Mcdonagh Alexander Edler 60 1 2 2
2 Christian Ehrhoff Brett Clark 40 1 2 2
Last Minutes Offensive
Center Left Wing Right Wing Defense Defense
Ryan Kesler Alexander Ovechkin Byron Bitz Barret Jackman Alexander Edler
Last Minutes Defensive
Center Left Wing Right Wing Defense Defense
Frans Nielsen Steve Begin Byron Bitz Ryan Mcdonagh Brett Clark
Goaltenders
Starting : Viktor Fasth
Backup : Maxime Daigneault
Extra Forwards
Normal : Alexander Steen, David Jones, Shane Doan - PP : Alexander Steen, David Jones - PK : Steve Begin
Extra Defensemen
Normal : Christian Ehrhoff, Alexander Edler, John Moore - PP : Brett Clark - PK : Christian Ehrhoff, Ryan Mcdonagh
Penalty Shots
Alexander Ovechkin, Ryan Kesler, Shane Doan, Andy Miele, Alexander Steen
% Time on Ice - Avalanche
Lines # - Real PCT - Wanted PCT - Time Play
Normal Forward
1 - 31% - 35% - 14:07
2 - 32% - 35% - 14:51
3 - 19% - 15% - 8:58
4 - 18% - 15% - 8:14
Normal Defense
1 - 35% - 35% - 16:03
2 - 32% - 33% - 14:56
3 - 32% - 32% - 14:40
4 - 1% - 0% - 0:31
PP Forward
1 - 53% - 60% - 4:10
2 - 47% - 40% - 3:43
PP Defense
1 - 54% - 60% - 4:16
2 - 46% - 40% - 3:37
PK Forward
1 - 80% - 60% - 4:44
2 - 20% - 40% - 1:13
PK Defense
1 - 61% - 60% - 3:36
2 - 39% - 40% - 2:21
PK3 Forward
1 - 0% - 60%
2 - 0% - 40%
PK3 Defense
1 - 0% - 60%
2 - 0% - 40%
44 Forward
1 - 0% - 60%
2 - 0% - 40%
44 Defense
1 - 0% - 60%
2 - 0% - 40%
Last Minute Offensive - 0:00
Last Minute Defensive - 0:00
Total
Forward - 60:00
Defense - 60:00
|
% Time on Ice - Predators
Lines # - Real PCT - Wanted PCT - Time Play
Normal Forward
1 - 34% - 40% - 15:34
2 - 27% - 30% - 12:22
3 - 21% - 20% - 9:36
4 - 19% - 10% - 8:38
Normal Defense
1 - 37% - 40% - 17:14
2 - 35% - 30% - 16:07
3 - 24% - 20% - 11:12
4 - 4% - 10% - 1:37
PP Forward
1 - 55% - 60% - 3:18
2 - 45% - 40% - 2:39
PP Defense
1 - 54% - 60% - 3:14
2 - 46% - 40% - 2:43
PK Forward
1 - 77% - 60% - 5:09
2 - 23% - 40% - 1:32
PK Defense
1 - 61% - 60% - 4:04
2 - 39% - 40% - 2:37
PK3 Forward
1 - 86% - 60% - 1:02
2 - 14% - 40% - 0:10
PK3 Defense
1 - 56% - 60% - 0:40
2 - 44% - 40% - 0:32
44 Forward
1 - 0% - 60%
2 - 0% - 40%
44 Defense
1 - 0% - 60%
2 - 0% - 40%
Last Minute Offensive - 0:00
Last Minute Defensive - 0:00
Total
Forward - 60:00
Defense - 60:00
|
Play by Play
1st period
0:01 of 1st period - Frans Nielsen wins face-off versus Bryan Little in neutral zone.
0:13 of 1st period - Snap shot by Alexander Ovechkin.
0:13 of 1st period - Shot Misses the Net.
0:15 of 1st period - Slapshot by Frans Nielsen.
0:15 of 1st period - Shot Misses the Net.
0:17 of 1st period - Snap shot by Byron Bitz.
0:17 of 1st period - Stopped by Dan Ellis without a rebound.
0:18 of 1st period - Paul Stastny wins face-off versus Ryan Kesler in Avalanche zone.
0:31 of 1st period - Snap shot by Paul Stastny.
0:31 of 1st period - Stopped by Viktor Fasth with a rebound.
0:33 of 1st period - Slapshot by Pernell Karl Subban.
0:33 of 1st period - Stopped by Viktor Fasth with a rebound.
0:45 of 1st period - Snap shot by David Krejci.
0:45 of 1st period - Shot Misses the Net.
0:47 of 1st period - Wrist shot by Chuck Kobasew.
0:47 of 1st period - Stopped by Viktor Fasth without a rebound.
0:48 of 1st period - David Krejci wins face-off versus Kris Vernarsky in Predators zone.
0:49 of 1st period - Wrist shot by Ryan Smyth.
0:49 of 1st period - Stopped by Viktor Fasth with a rebound.
0:51 of 1st period - Wrist shot by David Krejci.
0:51 of 1st period - Stopped by Viktor Fasth with a rebound.
0:53 of 1st period - Wrist shot by Chuck Kobasew.
0:53 of 1st period - Stopped by Viktor Fasth without a rebound.
0:54 of 1st period - Mike Comrie wins face-off versus Kris Vernarsky in Predators zone.
2:39 of 1st period - Alexander Ovechkin is hit by Mike Comrie and loses puck.
2:52 of 1st period - Snap shot by Kris Vernarsky.
2:52 of 1st period - Shot Misses the Net.
3:00 of 1st period - Snap shot by Mikkel Boedker.
3:00 of 1st period - Shot Misses the Net.
3:14 of 1st period - Wrist shot by Ryan Kesler.
3:14 of 1st period - Stopped by Dan Ellis with a rebound.
3:53 of 1st period - Wrist shot by Alexander Ovechkin.
3:53 of 1st period - Shot Misses the Net.
4:26 of 1st period - Icing by Bryan Little.
4:27 of 1st period - Ryan Kesler wins face-off versus Paul Stastny in Avalanche zone.
4:34 of 1st period - Snap shot by Ryan Kesler.
4:34 of 1st period - Stopped by Dan Ellis with a rebound.
4:36 of 1st period - Slapshot by Ryan Kesler.
4:36 of 1st period - Shot Hit the Post.
4:38 of 1st period - Snap shot by Adam Burish.
4:38 of 1st period - Stopped by Dan Ellis with a rebound.
4:52 of 1st period - Frans Nielsen is hit by Corey Perry and loses puck.
5:17 of 1st period - Kris Vernarsky is hit by Chuck Kobasew and loses puck.
5:40 of 1st period - Snap shot by Brandon Yip.
5:40 of 1st period - Shot Blocked by Ryan Kesler.
6:02 of 1st period - Snap shot by Andy Miele.
6:02 of 1st period - Stopped by Dan Ellis without a rebound.
6:03 of 1st period - Frans Nielsen wins face-off versus Bryan Little in Avalanche zone.
6:06 of 1st period - Snap shot by Alexander Ovechkin.
6:06 of 1st period - Shot Misses the Net.
6:38 of 1st period - Wrist shot by Ryan Kesler.
6:38 of 1st period - Stopped by Dan Ellis with a rebound.
6:40 of 1st period - Slapshot by Ryan Kesler.
6:40 of 1st period - Shot Blocked by Johnny Boychuk.
7:10 of 1st period - Brett Clark is hit by Andrew Ladd and loses puck.
7:41 of 1st period - Byron Bitz is hit by Bryan Little and loses puck.
8:00 of 1st period - Jay Bouwmeester is hit by Adam Burish and loses puck.
8:37 of 1st period - Mike Comrie is hit by Alexander Ovechkin and loses puck.
9:05 of 1st period - Andy Miele is hit by Bryan Little and loses puck.
9:49 of 1st period - David Jones is hit by David Krejci and loses puck.
10:09 of 1st period - Wrist shot by Brandon Yip.
10:09 of 1st period - Stopped by Viktor Fasth without a rebound.
10:10 of 1st period - Frans Nielsen wins face-off versus Paul Stastny in Predators zone.
10:23 of 1st period - Wrist shot by Byron Bitz.
10:23 of 1st period - Stopped by Dan Ellis with a rebound.
10:58 of 1st period - Snap shot by Kris Vernarsky.
10:58 of 1st period - Shot Misses the Net.
11:22 of 1st period - Brandon Yip is hit by Andy Miele and loses puck.
11:42 of 1st period - Slapshot by Bryan Little.
11:42 of 1st period - Shot Misses the Net.
11:52 of 1st period - Pernell Karl Subban is hit by Byron Bitz.
12:18 of 1st period - Snap shot by Corey Perry.
12:18 of 1st period - Stopped by Viktor Fasth with a rebound.
13:14 of 1st period - Snap shot by Corey Perry.
13:14 of 1st period - Stopped by Viktor Fasth with a rebound.
13:16 of 1st period - Snap shot by Bryan Little.
13:16 of 1st period - Deflect By Mikkel Boedker.
13:16 of 1st period - Shot Misses the Net.
13:16 of 1st period - Puck is out of play.
13:17 of 1st period - Paul Stastny wins face-off versus Frans Nielsen in Predators zone.
13:46 of 1st period - Slapshot by Alexander Ovechkin.
13:46 of 1st period - Stopped by Dan Ellis without a rebound.
13:47 of 1st period - David Krejci wins face-off versus Ryan Kesler in Avalanche zone.
13:58 of 1st period - Snap shot by Ryan Smyth.
13:58 of 1st period - Shot Blocked by Ryan Mcdonagh.
14:12 of 1st period - Kris Vernarsky is hit by Andrei Kostitsyn and loses puck.
14:23 of 1st period - Snap shot by Paul Stastny.
14:23 of 1st period - Shot Misses the Net.
15:35 of 1st period - Wrist shot by Byron Bitz.
15:35 of 1st period - Shot Misses the Net.
16:15 of 1st period - Johnny Boychuk is hit by Alexander Edler and loses puck.
16:20 of 1st period - Snap shot by Ryan Kesler.
16:20 of 1st period - Goal by Ryan Kesler - Avalanche : 0 - Predators : 1.
16:21 of 1st period - Frans Nielsen wins face-off versus Paul Stastny in neutral zone.
16:23 of 1st period - Off-side.
16:24 of 1st period - Frans Nielsen wins face-off versus Paul Stastny in neutral zone.
17:24 of 1st period - Snap shot by Shane Doan.
17:24 of 1st period - Deflect By James Van Riemsdyk.
17:24 of 1st period - Shot Misses the Net.
17:24 of 1st period - Puck is out of play.
17:25 of 1st period - Paul Stastny wins face-off versus Frans Nielsen in Avalanche zone.
17:25 of 1st period - Paul Stastny is hit by Byron Bitz.
17:33 of 1st period - Snap shot by Paul Stastny.
17:33 of 1st period - Shot Blocked by Alexander Ovechkin.
17:35 of 1st period - Wrist shot by Andrei Kostitsyn.
17:35 of 1st period - Shot Misses the Net.
17:37 of 1st period - Snap shot by Andrei Kostitsyn.
17:37 of 1st period - Stopped by Viktor Fasth without a rebound.
17:38 of 1st period - Paul Stastny wins face-off versus Frans Nielsen in Predators zone.
18:52 of 1st period - Slapshot by Shane Doan.
18:52 of 1st period - Stopped by Dan Ellis with a rebound.
18:54 of 1st period - Slapshot by Christian Ehrhoff.
18:54 of 1st period - Deflect By Shane Doan.
18:54 of 1st period - Shot Misses the Net.
18:54 of 1st period - Puck is out of play.
18:55 of 1st period - Frans Nielsen wins face-off versus Bryan Little in Avalanche zone.
19:08 of 1st period - Byron Bitz is hit by Jack Johnson and loses puck.
19:25 of 1st period - Wrist shot by Kris Vernarsky.
19:25 of 1st period - Shot Blocked by Jay Bouwmeester.
19:27 of 1st period - Snap shot by David Jones.
19:27 of 1st period - Stopped by Dan Ellis with a rebound.
19:29 of 1st period - Slapshot by Christian Ehrhoff.
19:29 of 1st period - Stopped by Dan Ellis with a rebound.
19:31 of 1st period - Wrist shot by Steve Begin.
19:31 of 1st period - Shot Misses the Net.
Goals for this period are 0 for Avalanche vs 1 for Predators.
Shots for this period are 10 for Avalanche vs 12 for Predators.
2nd period
0:01 of 2nd period - Paul Stastny wins face-off versus Frans Nielsen in neutral zone.
0:01 of 2nd period - Paul Stastny is hit by Frans Nielsen.
0:09 of 2nd period - Slapshot by Andrei Kostitsyn.
0:09 of 2nd period - Shot Misses the Net.
0:11 of 2nd period - Wrist shot by Andrei Kostitsyn.
0:11 of 2nd period - Stopped by Viktor Fasth without a rebound.
0:12 of 2nd period - Frans Nielsen wins face-off versus Paul Stastny in Predators zone.
0:14 of 2nd period - Minor Penalty to Byron Bitz for Hooking.
0:15 of 2nd period - Steve Begin wins face-off versus Bryan Little in Predators zone.
0:40 of 2nd period - Alexander Edler is hit by Jay Bouwmeester and loses puck.
1:15 of 2nd period - Snap shot by Paul Stastny.
1:15 of 2nd period - Shot Hit the Post.
2:07 of 2nd period - Mikkel Boedker is hit by Steve Begin.
2:14 of 2nd period - Penalty to Byron Bitz is over, Byron Bitz is back on ice.
2:46 of 2nd period - Brandon Yip is hit by Steve Begin and loses puck.
3:18 of 2nd period - Snap shot by Alexander Steen.
3:18 of 2nd period - Deflect By Byron Bitz.
3:18 of 2nd period - Stopped by Dan Ellis with a rebound.
3:20 of 2nd period - Slapshot by Steve Begin.
3:20 of 2nd period - Deflect By Andrew Ladd.
3:20 of 2nd period - Shot Blocked by Johnny Boychuk.
3:20 of 2nd period - Puck is out of play.
3:21 of 2nd period - Paul Stastny wins face-off versus Shane Doan in Avalanche zone.
3:52 of 2nd period - Wrist shot by Frans Nielsen.
3:52 of 2nd period - Shot Misses the Net.
3:54 of 2nd period - Wrist shot by Alexander Ovechkin.
3:54 of 2nd period - Stopped by Dan Ellis with a rebound.
4:40 of 2nd period - Barret Jackman is hit by Alexander Radulov and loses puck.
5:38 of 2nd period - Off-side.
5:39 of 2nd period - Paul Stastny wins face-off versus Kris Vernarsky in neutral zone.
5:46 of 2nd period - Snap shot by Marc Staal.
5:46 of 2nd period - Deflect By Andrei Kostitsyn.
5:46 of 2nd period - Shot Misses the Net.
5:46 of 2nd period - Puck is out of play.
5:47 of 2nd period - Kris Vernarsky wins face-off versus Andrei Kostitsyn in Predators zone.
5:58 of 2nd period - Wrist shot by Andrei Kostitsyn.
5:58 of 2nd period - Stopped by Viktor Fasth without a rebound.
5:59 of 2nd period - Corey Perry wins face-off versus Frans Nielsen in Predators zone.
6:02 of 2nd period - Snap shot by Bryan Little.
6:02 of 2nd period - Stopped by Viktor Fasth with a rebound.
6:26 of 2nd period - Shane O'Brien is hit by Ryan Mcdonagh and loses puck.
6:37 of 2nd period - Wrist shot by Bryan Little.
6:37 of 2nd period - Shot Blocked by Ryan Mcdonagh.
6:39 of 2nd period - Slapshot by Pernell Karl Subban.
6:39 of 2nd period - Stopped by Viktor Fasth with a rebound.
6:41 of 2nd period - Wrist shot by Bryan Little.
6:41 of 2nd period - Shot Misses the Net.
6:43 of 2nd period - Slapshot by Corey Perry.
6:43 of 2nd period - Shot Misses the Net.
6:45 of 2nd period - Wrist shot by Bryan Little.
6:45 of 2nd period - Shot Misses the Net.
6:47 of 2nd period - Snap shot by Bryan Little.
6:47 of 2nd period - Stopped by Viktor Fasth with a rebound.
6:49 of 2nd period - Slapshot by Marc Staal.
6:49 of 2nd period - Stopped by Viktor Fasth with a rebound.
6:51 of 2nd period - Snap shot by Bryan Little.
6:51 of 2nd period - Goal by Bryan Little - Avalanche : 1 - Predators : 1.
6:52 of 2nd period - Paul Stastny wins face-off versus Frans Nielsen in neutral zone.
7:05 of 2nd period - Christian Ehrhoff is hit by Pernell Karl Subban and loses puck.
7:48 of 2nd period - Wrist shot by Andrew Ladd.
7:48 of 2nd period - Shot Misses the Net.
8:24 of 2nd period - Off-side.
8:25 of 2nd period - Frans Nielsen wins face-off versus Paul Stastny in neutral zone.
9:41 of 2nd period - Slapshot by Mike Comrie.
9:41 of 2nd period - Stopped by Viktor Fasth without a rebound.
9:42 of 2nd period - Frans Nielsen wins face-off versus Paul Stastny in Predators zone.
9:42 of 2nd period - Frans Nielsen is hit by Shane O'Brien.
10:13 of 2nd period - Kris Vernarsky is hit by Andrei Kostitsyn and loses puck.
11:16 of 2nd period - Wrist shot by Shane Doan.
11:16 of 2nd period - Shot Misses the Net.
11:38 of 2nd period - Bryan Little is hit by Christian Ehrhoff.
11:46 of 2nd period - Wrist shot by John Moore.
11:46 of 2nd period - Stopped by Dan Ellis with a rebound.
12:25 of 2nd period - Alexander Steen is hit by David Krejci and loses puck.
12:42 of 2nd period - Jay Bouwmeester is hit by Brett Clark and loses puck.
13:15 of 2nd period - Wrist shot by Mike Comrie.
13:15 of 2nd period - Stopped by Viktor Fasth with a rebound.
13:17 of 2nd period - Wrist shot by Andrew Ladd.
13:17 of 2nd period - Stopped by Viktor Fasth without a rebound.
13:18 of 2nd period - Kris Vernarsky wins face-off versus Paul Stastny in Predators zone.
13:31 of 2nd period - Wrist shot by Steve Begin.
13:31 of 2nd period - Stopped by Dan Ellis with a rebound.
13:33 of 2nd period - Wrist shot by Ryan Mcdonagh.
13:33 of 2nd period - Shot Misses the Net.
14:23 of 2nd period - Icing by Alexander Ovechkin.
14:24 of 2nd period - Paul Stastny wins face-off versus Frans Nielsen in Predators zone.
14:35 of 2nd period - Snap shot by Andrei Kostitsyn.
14:35 of 2nd period - Shot Blocked by Alexander Ovechkin.
14:37 of 2nd period - Slapshot by Johnny Boychuk.
14:37 of 2nd period - Stopped by Viktor Fasth without a rebound.
14:38 of 2nd period - Bryan Little wins face-off versus Ryan Kesler in Predators zone.
15:17 of 2nd period - Snap shot by Ryan Kesler.
15:17 of 2nd period - Shot Blocked by Shane O'Brien.
15:19 of 2nd period - Wrist shot by Alexander Steen.
15:19 of 2nd period - Shot Misses the Net.
15:21 of 2nd period - Wrist shot by John Moore.
15:21 of 2nd period - Shot Blocked by Shane O'Brien.
15:23 of 2nd period - Wrist shot by Adam Burish.
15:23 of 2nd period - Shot Misses the Net.
15:25 of 2nd period - Wrist shot by Ryan Kesler.
15:25 of 2nd period - Stopped by Dan Ellis with a rebound.
15:27 of 2nd period - Snap shot by Alexander Steen.
15:27 of 2nd period - Shot Misses the Net.
15:29 of 2nd period - Slapshot by Barret Jackman.
15:29 of 2nd period - Stopped by Dan Ellis with a rebound.
15:31 of 2nd period - Slapshot by Barret Jackman.
15:31 of 2nd period - Shot Blocked by Andrew Ladd.
15:33 of 2nd period - Slapshot by Adam Burish.
15:33 of 2nd period - Deflect By Shane O'Brien.
15:33 of 2nd period - Stopped by Dan Ellis with a rebound.
15:35 of 2nd period - Snap shot by Brett Clark.
15:35 of 2nd period - Deflect By Ryan Kesler.
15:35 of 2nd period - Predators goal is going for a video replay.
15:35 of 2nd period - The goal is refused. The puck has been directed, batted or thrown into the net by an attacking player other than with a stick..
15:36 of 2nd period - Paul Stastny wins face-off versus Frans Nielsen in Avalanche zone.
15:38 of 2nd period - Minor Penalty to Andrei Kostitsyn for High sticking.
15:39 of 2nd period - Ryan Kesler wins face-off versus Mike Comrie in Avalanche zone.
15:49 of 2nd period - Ryan Kesler is hit by Chuck Kobasew and loses puck.
16:06 of 2nd period - Jack Johnson is hit by Adam Burish and loses puck.
16:51 of 2nd period - Byron Bitz is hit by Marc Staal and loses puck.
17:38 of 2nd period - Penalty to Andrei Kostitsyn is over, Andrei Kostitsyn is back on ice.
18:07 of 2nd period - Snap shot by Kris Vernarsky.
18:07 of 2nd period - Shot Misses the Net.
18:21 of 2nd period - Andy Miele is hit by Chuck Kobasew and loses puck.
18:37 of 2nd period - Steve Begin is hit by Shane O'Brien and loses puck.
18:48 of 2nd period - Andrew Ladd is hit by Frans Nielsen and loses puck.
19:05 of 2nd period - Christian Ehrhoff is hit by Paul Stastny and loses puck.
19:30 of 2nd period - Wrist shot by Mikkel Boedker.
19:30 of 2nd period - Stopped by Viktor Fasth with a rebound.
19:32 of 2nd period - Snap shot by Marc Staal.
19:32 of 2nd period - Stopped by Viktor Fasth with a rebound.
19:34 of 2nd period - Slapshot by Marc Staal.
19:34 of 2nd period - Shot Blocked by Shane Doan.
19:44 of 2nd period - Steve Begin is hit by Paul Stastny and loses puck.
19:57 of 2nd period - Byron Bitz is hit by Johnny Boychuk and loses puck.
Goals for this period are 1 for Avalanche vs 0 for Predators.
Shots for this period are 13 for Avalanche vs 8 for Predators.
3rd period
0:01 of 3rd period - Paul Stastny wins face-off versus Frans Nielsen in neutral zone.
0:11 of 3rd period - Snap shot by Paul Stastny.
0:11 of 3rd period - Shot Misses the Net.
0:13 of 3rd period - Slapshot by Paul Stastny.
0:13 of 3rd period - Goal by Paul Stastny - Avalanche : 2 - Predators : 1.
0:14 of 3rd period - Andrei Kostitsyn wins face-off versus Byron Bitz in neutral zone.
0:17 of 3rd period - Byron Bitz is hit by Paul Stastny and loses puck.
0:40 of 3rd period - Bryan Little is hit by Adam Burish and loses puck.
0:49 of 3rd period - Slapshot by Marc Staal.
0:49 of 3rd period - Stopped by Viktor Fasth with a rebound.
1:14 of 3rd period - Slapshot by Alexander Steen.
1:14 of 3rd period - Stopped by Dan Ellis with a rebound.
1:16 of 3rd period - Snap shot by Adam Burish.
1:16 of 3rd period - Shot Misses the Net.
1:18 of 3rd period - Snap shot by Adam Burish.
1:18 of 3rd period - Stopped by Dan Ellis with a rebound.
1:20 of 3rd period - Slapshot by Ryan Mcdonagh.
1:20 of 3rd period - Stopped by Dan Ellis with a rebound.
1:22 of 3rd period - Slapshot by Ryan Mcdonagh.
1:22 of 3rd period - Stopped by Dan Ellis without a rebound.
1:23 of 3rd period - Paul Stastny wins face-off versus Frans Nielsen in Avalanche zone.
1:35 of 3rd period - Snap shot by Alexander Ovechkin.
1:35 of 3rd period - Shot Blocked by Jay Bouwmeester.
2:05 of 3rd period - Icing by Brett Clark.
2:06 of 3rd period - Andy Miele wins face-off versus Paul Stastny in Predators zone.
2:11 of 3rd period - Snap shot by Brett Clark.
2:11 of 3rd period - Deflect By Shane Doan.
2:11 of 3rd period - Stopped by Dan Ellis with a rebound.
2:45 of 3rd period - Minor Penalty to James Van Riemsdyk for Interference.
2:46 of 3rd period - Corey Perry wins face-off versus Ryan Kesler in Predators zone.
3:32 of 3rd period - Minor Penalty to Frans Nielsen for Interference.
3:33 of 3rd period - Byron Bitz wins face-off versus Bryan Little in Predators zone.
4:10 of 3rd period - Wrist shot by Alexander Radulov.
4:10 of 3rd period - Stopped by Viktor Fasth with a rebound.
4:12 of 3rd period - Slapshot by Jay Bouwmeester.
4:12 of 3rd period - Stopped by Viktor Fasth without a rebound.
4:13 of 3rd period - Paul Stastny wins face-off versus Byron Bitz in Predators zone.
4:28 of 3rd period - Snap shot by Mikkel Boedker.
4:28 of 3rd period - Stopped by Viktor Fasth with a rebound.
4:40 of 3rd period - Bryan Little is hit by John Moore and loses puck.
4:45 of 3rd period - Penalty to James Van Riemsdyk is over, James Van Riemsdyk is back on ice.
5:32 of 3rd period - Penalty to Frans Nielsen is over, Frans Nielsen is back on ice.
5:43 of 3rd period - Snap shot by Shane Doan.
5:43 of 3rd period - Shot Misses the Net.
5:45 of 3rd period - Backhand shot by Christian Ehrhoff.
5:45 of 3rd period - Deflect By David Krejci.
5:45 of 3rd period - Stopped by Dan Ellis without a rebound.
5:46 of 3rd period - Mike Comrie wins face-off versus Andy Miele in Avalanche zone.
5:51 of 3rd period - Backhand shot by Brandon Yip.
5:51 of 3rd period - Stopped by Viktor Fasth without a rebound.
5:52 of 3rd period - Frans Nielsen wins face-off versus Mike Comrie in Predators zone.
6:04 of 3rd period - Frans Nielsen is hit by Andrew Ladd and loses puck.
6:41 of 3rd period - Snap shot by Kris Vernarsky.
6:41 of 3rd period - Stopped by Dan Ellis with a rebound.
6:43 of 3rd period - Minor Penalty to Bryan Little for Tripping.
6:44 of 3rd period - Ryan Kesler wins face-off versus Mike Comrie in Avalanche zone.
8:15 of 3rd period - Andrei Kostitsyn is hit by Adam Burish.
8:43 of 3rd period - Penalty to Bryan Little is over, Bryan Little is back on ice.
9:36 of 3rd period - Snap shot by Andrew Ladd.
9:36 of 3rd period - Stopped by Viktor Fasth without a rebound.
9:37 of 3rd period - Ryan Kesler wins face-off versus Paul Stastny in Predators zone.
9:50 of 3rd period - Snap shot by Alexander Radulov.
9:50 of 3rd period - Shot Misses the Net.
10:30 of 3rd period - Wrist shot by Adam Burish.
10:30 of 3rd period - Deflect By Alexander Steen.
10:30 of 3rd period - Stopped by Dan Ellis with a rebound.
10:32 of 3rd period - Slapshot by John Moore.
10:32 of 3rd period - Deflect By Ryan Kesler.
10:32 of 3rd period - Shot Misses the Net.
10:32 of 3rd period - Puck is out of play.
10:33 of 3rd period - Frans Nielsen wins face-off versus Bryan Little in Avalanche zone.
12:16 of 3rd period - Mike Comrie is hit by Kris Vernarsky and loses puck.
12:28 of 3rd period - Minor Penalty to Johnny Boychuk for Slashing.
12:29 of 3rd period - Ryan Kesler wins face-off versus Mike Comrie in Avalanche zone.
14:28 of 3rd period - Penalty to Johnny Boychuk is over, Johnny Boychuk is back on ice.
15:15 of 3rd period - Minor Penalty to Christian Ehrhoff for Boarding.
15:16 of 3rd period - Ryan Kesler wins face-off versus Bryan Little in Predators zone.
17:15 of 3rd period - Penalty to Christian Ehrhoff is over, Christian Ehrhoff is back on ice.
17:50 of 3rd period - Pernell Karl Subban is hit by Frans Nielsen and loses puck.
18:50 of 3rd period - Minor Penalty to Frans Nielsen for Interference.
18:51 of 3rd period - Paul Stastny wins face-off versus Ryan Kesler in Predators zone.
19:15 of 3rd period - Brett Clark is hit by Johnny Boychuk and loses puck.
19:38 of 3rd period - Slapshot by Ryan Mcdonagh.
19:38 of 3rd period - Stopped by Dan Ellis with a rebound.
Goals for this period are 1 for Avalanche vs 0 for Predators.
Shots for this period are 7 for Avalanche vs 9 for Predators.
Back to the Top